 Dungeon Crawl Stone Soup version 0.17-a0-1674-g2b13139 (webtiles) character file.

12550 matakusis the Cleaver (level 11, -3/124 HPs)
             Began as a Demonspawn Gladiator on Aug 18, 2015.
             Was a High Priest of Yredelemnul.
             Slain by an orc knight
             ... wielding a cursed -2 battleaxe
              (20 damage)
             ... on level 4 of the Orcish Mines.
             The game lasted 01:16:57 (15541 turns).

matakusis the Cleaver (Demonspawn Gladiator)       Turns: 15541, Time: 01:16:57

Health: -3/124     AC: 25    Str: 19    XL:     11   Next: 63%
Magic:  0/11       EV:  2    Int: 13    God:    Yredelemnul [*****.]
Gold:   1405       SH: 12    Dex: 20    Spells: 1 memorised, 4 levels left

rFire  . . .     SeeInvis .     N - +0 hand axe (elec)
rCold  . . .     Clarity  +     (armour currently unavailable)
rNeg   + + +     SustAt   .     G - +0 shield
rPois  +         Gourm    .     (helmet currently unavailable)
rElec  .         Spirit   +     (cloak currently unavailable)
rCorr  .         Warding  .     (gloves currently unavailable)
rMut   .         NoTele   +     (boots currently unavailable)
MR     .....                    m - amulet of rage
Stlth  +++.......               s - +3 ring of intelligence
                                J - ring of wizardry

@: agile, exhausted, tree-form, injury mirror, slowed, very slow, not resistant
to hostile enchantments, fairly stealthy
A: (antennae 0), (claws 0), (large bone plates 0), agile 1, clarity, foul stench
1, wild magic 1, magic shield, rot immunity
a: Animate Dead, Recall Undead Slaves, Injury Mirror, Drain Life, Enslave Soul,
Renounce Religion, Evoke Berserk Rage


You were on level 4 of the Orcish Mines.
You worshipped Yredelemnul.
Yredelemnul was extremely pleased with you.
You were not hungry.
You were a tree.
You visited 4 branches of the dungeon, and saw 16 of its levels.
You also visited: Sewer.

You collected 1405 gold pieces.

Inventory:

Hand weapons
 a - a +1 war axe of freezing
 F - a +1 vampiric trident
 N - a +0 hand axe of electrocution (weapon)
Missiles
 d - 2 throwing nets (quivered)
 i - 46 tomahawks
 o - 7 poisoned tomahawks
Armour
 b - the +2 ring mail of Immorality {+Inv}
   (You found it in a sewer)

   It lets you turn invisible.
 n - a +1 chain mail of cold resistance
 r - a cursed +0 plate armour (melded)
 u - a cursed +0 pair of gloves (melded)
 D - a +0 cloak (melded)
 G - a +0 shield (worn)
 L - a +1 ring mail of cold resistance
 M - a +2 robe of fire resistance
Jewellery
 m - an amulet of rage (around neck)
 s - a +3 ring of intelligence (right branch)
 z - an uncursed ring of wizardry
 J - a ring of wizardry (left branch)
 K - an uncursed ring of ice
Magical devices
 E - a wand of cold (5)
 I - a wand of enslavement (12)
Scrolls
 f - 5 scrolls of recharging
 j - 2 scrolls of fog
 l - 4 scrolls of teleportation
 q - 4 scrolls of enchant weapon
 y - 2 scrolls of immolation
 B - a scroll of amnesia
Potions
 g - 4 potions of ambrosia
 h - 4 potions of curing
 k - a potion of haste
 v - a potion of berserk rage
 A - 8 potions of brilliance
Books
 e - a book of Dreams

   Spells                             Type                      Level
   a - Ensorcelled Hibernation        Hexes/Ice                    2
   b - Phase Shift                    Translocation                5
   c - Shadow Creatures               Summoning                    5
   d - Silence                        Hexes/Air                    5
   e - Darkness                       Hexes                        6
   f - Mass Confusion                 Hexes                        6
 w - a book of Unlife

   Spells                             Type                      Level
   a - Recall                         Summoning/Translocation      3
   b - Animate Dead                   Necromancy                   4
   c - Control Undead                 Necromancy                   4
   d - Cigotuvi's Embrace             Necromancy                   5
   e - Death Channel                  Necromancy                   6
   f - Simulacrum                     Ice/Necromancy               6
Comestibles
 p - 8 meat rations
 t - 11 royal jellies
 C - 3 slices of pizza
 H - 3 fruits
 O - 2 bread rations
 P - 4 chunks of flesh


   Skills:
 + Level 6.9 Fighting
 * Level 10.8 Axes
 - Level 1.7 Throwing
 + Level 6.2 Armour
 + Level 4.4 Dodging
 * Level 9.3 Shields
 * Level 2.6 Hexes
 - Level 1.1 Invocations
 - Level 1.0 Evocations


You had 4 spell levels left.
You knew the following spells:

 Your Spells              Type           Power        Failure   Level  Hunger
a - Mass Confusion        Hex            ##........   100%        6    #######


Dungeon Overview and Level Annotations

Branches:
Dungeon (10/15)            Temple (1/1) D:5            Lair (1/8) D:9
    Orc (4/4) D:10            Elf (0/3) Orc:4

Altars:
Ashenzari
Cheibriados
Dithmenos
Elyvilon
Fedhas
Gozag
Kikubaaqudgha
Makhleb
Nemelex Xobeh
Okawaru
Qazlal
Ru
Sif Muna
Trog
Vehumet
Xom
Yredelemnul
Zin
The Shining One
Beogh

Shops:
Orc:3 [   Orc:4 }*


Innate Abilities, Weirdness & Mutations

((You have sharp fingernails.))
((You are mostly covered in large bone plates (AC +3, SH +3).))
You may emit foul miasma when damaged in melee.
When hurt, damage is shared between your health and your magic reserves.
You are immune to rotting.
((You have a pair of small antennae on your head.))
You are agile. (Dex +2)
You possess an exceptional clarity of mind.
Your spells are a little harder to cast, but a little more powerful.


Message History

The orc priest hits you but does no damage.
You block the orc knight's attack. You block the orc warrior's attack.
You block the orc warlord's attack. The orc priest barely misses you.
The orc knight hits you with a war axe!
* * * LOW HITPOINT WARNING * * *
Yredelemnul mirrors your injury!
The orc knight is moderately wounded.
Drink which item? (? for menu, Esc to quit)
You feel better.
The orc wizard casts a spell.
The orc wizard flickers and vanishes!
Deactivating autopickup; reactivate with Ctrl-A.
The orc warrior hits you with a war axe!
* * * LOW HITPOINT WARNING * * *
You emit a cloud of foul miasma!
Yredelemnul mirrors your injury!
The orc warrior is almost dead.
The orc knight hits you with an enchanted battleaxe!!
You die...
Your body rises from the dead as a mindless zombie.

...........#.## #....#..)....
#<##..........# ##....#)#....
#####....).)..######.##....(.....
##...#.#...#.#.....##...##.##
##..#####...).......#...####
#...# #.)[)......#....# ##.##
##............... ##.##
#.)[.#.#........ #...#
##o♣).....#.###. ##..##
#[ooo.##.### .. ##.#4# #.{o..# ##
#...3# #8...8# ##...)## #.....#
#...#..# #...o.# ##.#3..# .......
#..)..## ......... ##.....8..


You could see an orc warlord, 2 orc knights, an orc sorcerer (frenzied), an orc
warrior (frenzied) and an orc priest (frenzied).

Vanquished Creatures
  Erolcha (D:8)
  An unseen horror (D:10)
  A hill giant (D:9)
  An orc knight (D:10)
  A cyclops (D:10)
  2 orc sorcerers (Orc:4)
  Maurice (D:8)
  Psyche (D:8)
  A komodo dragon (D:9)
  2 trolls
  Grinder (D:6)
  5 yaks (D:10)
  A hippogriff (D:7)
  A hungry ghost (D:8)
  15 orc warriors
  2 sky beasts
  2 ice beasts
  An eye of draining (D:9)
  A phantom (D:5)
  4 ogres
  A black bear (D:7)
  3 giant frogs
  4 big kobolds
  3 scorpions
  7 killer bees (D:10)
  2 quasits
  A crimson imp (D:4)
  3 giant frog skeletons
  3 hounds
  3 jellies (D:9)
  2 centaur skeletons
  Ijyb (D:2)
  13 orc priests
  4 worker ants
  3 iguanas
  18 orc wizards
  A killer bee zombie (D:8)
  2 hound zombies (D:7)
  2 worker ant zombies
  5 shadow imps
  12 adders
  5 oozes (D:9)
  3 adder skeletons
  7 worms
  6 giant geckos
  106 orcs
  6 bats
  10 giant cockroaches
  4 goblins
  9 hobgoblins
  9 jackals
  3 quokkas
  2 ball python skeletons (D:4)
  A giant gecko skeleton (D:5)
  7 giant newts
  2 goblin skeletons (D:8)
  3 goblin zombies (D:8)
  A hobgoblin zombie (D:8)
  31 kobolds
  2 kobold skeletons (D:8)
  2 kobold zombies (D:8)
  An orc skeleton (D:8)
  An orc zombie (D:8)
  9 rats
368 creatures vanquished.

Vanquished Creatures (collateral kills)
  An orc sorcerer (Orc:4)
  10 orc warriors
  2 ogres (Orc:2)
  An ice beast (D:10)
  3 killer bees (D:10)
  A wight (Orc:4)
  4 orc priests
  6 orc wizards
  44 orcs
72 creatures vanquished.

Vanquished Creatures (others)
  2 flying skulls (Orc:4)
  2 vampires (Orc:4)
  A centaur (D:5)
  3 wights (Orc:4)
  An adder (D:5)
  2 orc skeletons
  18 orc zombies
  A plant (D:9)
30 creatures vanquished.

Grand Total: 470 creatures vanquished

Notes
Turn   | Place    | Note
--------------------------------------------------------------
     0 | D:1      | matakusis the Demonspawn Gladiator began the quest for the Orb.
     0 | D:1      | Reached XP level 1. HP: 16/16 MP: 1/1
   308 | D:1      | Gained mutation: You are partially covered in large bone plates (AC +2, SH +2). [demonic ancestry]
   308 | D:1      | Reached XP level 2. HP: 15/22 MP: 2/2
   429 | D:1      | Reached skill level 3 in Dodging
  1096 | D:2      | Gained mutation: You are immune to rotting. [demonic ancestry]
  1096 | D:2      | Reached XP level 3. HP: 28/28 MP: 3/3
  1366 | D:2      | Reached skill level 1 in Armour
  1659 | D:2      | Noticed Ijyb
  1665 | D:2      | Killed Ijyb
  1665 | D:2      | Reached XP level 4. HP: 31/34 MP: 4/4
  1944 | D:3      | Gained mutation: You have sharp fingernails. [demonic ancestry]
  1944 | D:3      | Reached XP level 5. HP: 15/40 MP: 5/5
  2683 | D:4      | Reached skill level 4 in Axes
  2683 | D:4      | Reached skill level 1 in Shields
  2713 | D:4      | Noticed an ogre
  2728 | D:4      | Killed an ogre
  2728 | D:4      | Reached XP level 6. HP: 10/47 MP: 6/6
  3407 | D:4      | Noticed an ogre
  3430 | D:4      | Killed an ogre
  3433 | D:4      | Reached XP level 7. HP: 52/52 MP: 7/7
  3892 | D:4      | Found a shimmering altar of Xom.
  4066 | D:5      | Entered Level 5 of the Dungeon
  4088 | D:5      | Reached skill level 5 in Axes
  4350 | D:5      | Found a blossoming altar of Fedhas.
  4626 | D:5      | Found a staircase to the Ecumenical Temple.
  4635 | Temple   | Entered the Ecumenical Temple
  4733 | Temple   | Became a worshipper of Yredelemnul the Dark
  5208 | D:5      | Found a burning altar of Makhleb.
  5346 | D:5      | Found a shattered altar of Ashenzari.
  5512 | D:5      | Reached XP level 8. HP: 60/60 MP: 8/8
  6059 | D:6      | Noticed Grinder
  6074 | D:6      | Paralysed by Grinder for 3 turns
  6092 | D:6      | Killed Grinder
  6092 | D:6      | Reached skill level 6 in Axes
  6331 | D:6      | Found a glowing drain.
  6396 | Sewer    | Entered a sewer
  6655 | Sewer    | Acquired Yredelemnul's first power
  6661 | Sewer    | Got a faintly humming ring mail
  6676 | Sewer    | Gained mutation: Your spells are a little harder to cast, but a little more powerful. [potion of mutation]
  6676 | Sewer    | Gained mutation: You have a pair of small antennae on your head. [potion of mutation]
  6676 | Sewer    | Gained mutation: You are agile. (Dex +2) [potion of mutation]
  6678 | Sewer    | Identified the +2 ring mail of Immorality {+Inv} (You found it in a sewer)
  7543 | D:7      | Reached skill level 7 in Axes
  7543 | D:7      | Reached skill level 5 in Shields
  7543 | D:7      | Gained mutation: When hurt, damage is shared between your health and your magic reserves. [demonic ancestry]
  7543 | D:7      | Reached XP level 9. HP: 61/67 MP: 9/9
  7997 | D:7      | Found a sacrificial altar of Ru.
  7997 | D:7      | Found a stormy altar of Qazlal.
  8218 | D:7      | Found a radiant altar of Vehumet.
  8325 | D:8      | Reached skill level 5 in Fighting
  8329 | D:8      | Gained mutation: You possess an exceptional clarity of mind. [mutagenic meat]
  8364 | D:8      | Acquired Yredelemnul's second power
  8792 | D:8      | Noticed Psyche
  8798 | D:8      | Killed Psyche
  8883 | D:8      | Reached skill level 8 in Axes
  9169 | D:8      | Noticed Erolcha
  9191 | D:8      | Killed Erolcha
  9191 | D:8      | Reached skill level 5 in Armour
  9191 | D:8      | Gained mutation: You are mostly covered in large bone plates (AC +3, SH +3). [demonic ancestry]
  9191 | D:8      | Reached XP level 10. HP: 19/75 MP: 2/10
  9388 | D:8      | Found a glowing golden altar of the Shining One.
  9464 | D:8      | Noticed Maurice
  9504 | D:8      | Killed Maurice
 10355 | D:9      | Noticed a hill giant
 10423 | D:9      | Killed a hill giant
 10423 | D:9      | Reached skill level 9 in Axes
 10612 | D:9      | Found a staircase to the Lair.
 10761 | D:9      | Reached skill level 1 in Evocations
 11021 | D:10     | Entered Level 10 of the Dungeon
 11072 | Lair:1   | Entered Level 1 of the Lair of Beasts
 11196 | D:10     | Acquired Yredelemnul's third power
 11222 | D:10     | Found a roughly hewn altar of Beogh.
 11222 | D:10     | Found a staircase to the Orcish Mines.
 11274 | D:10     | Noticed a cyclops
 11291 | D:10     | Killed a cyclops
 11603 | D:10     | Noticed an orc knight
 11621 | D:10     | Killed an orc knight
 11714 | Orc:1    | Entered Level 1 of the Orcish Mines
 11912 | D:10     | Killed an unseen horror
 11912 | D:10     | Reached skill level 10 in Axes
 11912 | D:10     | Gained mutation: You may emit foul miasma when damaged in melee. [demonic ancestry]
 11912 | D:10     | Reached XP level 11. HP: 59/83 MP: 8/11
 11964 | D:10     | Reached skill level 1 in Invocations
 11965 | D:10     | Acquired Yredelemnul's fourth power
 11977 | D:10     | Received a gift from Yredelemnul
 12243 | D:10     | Learned a level 6 spell: Mass Confusion
 13020 | Orc:2    | Received a gift from Yredelemnul
 13023 | Orc:2    | Reached skill level 1 in Hexes
 13163 | Orc:1    | Received a gift from Yredelemnul
 13475 | Orc:3    | Acquired Yredelemnul's fifth power
 13636 | Orc:3    | Found Keskieb's Antique Armour Shop.
 13689 | Orc:3    | Received a gift from Yredelemnul
 13977 | Orc:3    | Received a gift from Yredelemnul
 14400 | Orc:4    | Entered Level 4 of the Orcish Mines
 14460 | Orc:4    | Found Zejatt's Gadget Shop.
 14526 | Orc:4    | Received a gift from Yredelemnul
 14616 | Orc:4    | Noticed an orc high priest
 14622 | Orc:4    | Noticed an orc warlord
 15120 | Orc:4    | Received a gift from Yredelemnul
 15353 | Orc:4    | Found a staircase to the Elven Halls.
 15423 | Orc:4    | Found Duven's General Store.
 15521 | Orc:4    | Paralysed by an orc sorcerer for 4 turns
 15541 | Orc:4    | Slain by an orc knight

Vault maps used:
D:1:      dpeg_arrival_boxes_within_box, interstate_on_off,
          minmay_misc_feat_rows, minmay_curled_crystal
D:2:      uniq_iyjb
D:4:      wad_pebble_path, led_xom_imps
D:5:      fedhas_altar_3, bloody_makhleb, lemuel_temple_firewalk, first_bread,
          nicolae_ashenzari_panopticon
D:6:      gup_sewer_entry_spiral, uniq_grinder
D:7:      lemuel_coloured_pillars_altar, gammafunk_temple_overflow_wave
D:8:      nicolae_tso_besieged_by_evil, uniq_erolcha, uniq_psyche, uniq_maurice
D:9:      david_lair_shrubbed, hangedman_little_slice_of_home
D:10:     david_orc_5
Temple:   circular_temple_12
Orc:3:    serial_shops, shop_statue, nicolae_orc_pool_cavern,
          lightli_orcish_oven
Orc:4:    grunt_orc_cross, serial_shops, shop, nicolae_shop_crystal, shop,
          basic_altar
Sewer:    kennysheep_pipe_town

Action                   |  1- 3 |  4- 6 |  7- 9 | 10-12 || total
-------------------------+-------+-------+-------+-------++-------
Melee: War axe           |   117 |   161 |   570 |   332 ||  1180
       Hand axe          |       |       |       |   120 ||   120
Throw: Throwing net      |       |       |       |     5 ||     5
       Tomahawk          |       |       |       |     1 ||     1
Invok: Animate Dead      |       |       |       |    27 ||    27
       Recall Undead Sla |       |       |       |     4 ||     4
       Injury Mirror     |       |       |       |     1 ||     1
 Abil: Evoke Berserk Rag |       |     1 |     5 |    10 ||    16
  Use: Scroll            |       |    10 |     8 |     3 ||    21
       Potion            |       |     7 |     5 |    15 ||    27
 Stab: Invisible         |       |       |     1 |       ||     1
       Held in net/web   |       |       |       |     2 ||     2
       Distracted        |       |       |       |     3 ||     3
       Confused          |       |       |       |     1 ||     1
  Eat: Chunk             |     2 |     6 |    22 |    18 ||    48
       Bread ration      |       |       |     1 |     2 ||     3
       Meat ration       |       |       |       |     1 ||     1
